 Dungeon Crawl Stone Soup version 0.17.2-1-ge4368a0 (webtiles) character file.

65 Alipheese the Covered (level 4, 0/36 HPs)
             Began as a Naga Wanderer on May 28, 2019.
             Slain by a worm (7 damage)
             ... on level 2 of the Dungeon.
             The game lasted 00:01:08 (1411 turns).

Alipheese the Covered (Naga Wanderer)               Turns: 1411, Time: 00:01:08

Health: 0/36       AC:  7    Str: 14    XL:     4   Next: 14%
Magic:  7/7        EV:  6    Int: 14    God:
Gold:   26         SH:  4    Dex: 10    Spells: 0 memorised, 7 levels left

rFire  . . .     SeeInvis +     b - +0 spear
rCold  . . .     Clarity  .     a - +2 scale mail
rNeg   . . .     SustAt   .     c - +0 buckler
rPois  +         Gourm    .     (no helmet)
rElec  .         Spirit   .     (no cloak)
rCorr  .         Warding  .     (no gloves)
rMut   .         Stasis   .     (no barding)
MR     .....                    (no amulet)
Stlth  ..........               (no ring)
                                (no ring)

@: very slow, not resistant to hostile enchantments, extremely unstealthy
A: see invisible, deformed body, poison resistance, slowness 2, slow metabolism
1, spit poison 2, AC +1
a: Spit Poison


You were on level 2 of the Dungeon.
You were not hungry.

You visited 1 branch of the dungeon, and saw 2 of its levels.

You collected 26 gold pieces.


Innate Abilities, Weirdness & Mutations

You cannot wear boots.
Your serpentine skin is tough (AC +1).
You have supernaturally acute eyesight.
Armour fits poorly on your strangely shaped body.
Your system is resistant to poisons.
You cover ground very slowly.
You have a slow metabolism.
You can spit poison.

Inventory:

Hand Weapons
 b - a +0 spear (weapon)
Armour
 a - a +2 scale mail (worn)
 c - a +0 buckler (worn)
Scrolls
 d - a scroll of recharging {unknown}
 g - a scroll of blinking {unknown}
 i - a scroll of identify {unknown}
Potions
 e - a potion of curing {!q, unknown}
Comestibles
 h - a meat ration {!e}
 r - a bread ration {!e}


You had 7 spell levels left.
You didn't know any spells.


   Skills:
 + Level 3.6 Armour
 - Level 1.9 Shields
 - Level 2.2 Spellcasting
   Level 2.0 Charms
   Level 1.0 Air Magic

Dungeon Overview and Level Annotations

Branches:
Dungeon (2/15)

Altars:

Vault maps used:
D:1:      dpeg_arrival_court
D:2:      uniq_iyjb
You       could see a worm and a bat.


Message History

The hobgoblin hits you but does no damage.
You closely miss the hobgoblin. You block the hobgoblin's attack.
You hit the hobgoblin.
You kill the hobgoblin!
You hit the hobgoblin.
You kill the hobgoblin!
You barely miss the worm. You hit the worm but do no damage.
You block the worm's attack.
You hit the worm but do no damage. The worm bites you but does no damage.
You hit the worm.
The worm is lightly wounded.
You hit the worm but do no damage.
The worm is lightly wounded.
You block the worm's attack.
You hit the worm.
The worm is moderately wounded.
The worm barely misses you.
You barely miss the worm.
The worm is moderately wounded.
You block the worm's attack.
You hit the worm.
The worm is moderately wounded.
You hit the worm.
The worm is heavily wounded.
The worm bites you.
You lost 5 HP.
You have now: 18/36 HP.
You hit the worm but do no damage.
The worm is heavily wounded.
The worm bites you!
You lost 6 HP.
You have now: 12/36 HP.
You barely miss the worm.
The worm is heavily wounded.
You hit the worm but do no damage.
The worm is heavily wounded.
The worm barely misses you.
You hit the worm.
The worm is severely wounded.
You hit the worm.
The worm is almost dead.
The worm bites you.
You lost 5 HP.
You have now: 7/36 HP.
You hit the worm.
The worm is almost dead.
The worm bites you but does no damage.
You hit the worm.
You kill the worm!
You hit the worm.
The worm is lightly wounded.
The worm bites you!
You die...

Action                   |  1- 3 |  4- 6 || total
-------------------------+-------+-------++-------
Melee: Spear             |   173 |    26 ||   199
 Abil: Spit Poison       |     2 |       ||     2
  Eat: Chunk             |     1 |       ||     1

Notes
Turn   | Place    | Note
--------------------------------------------------------------
     0 | D:1      | Alipheese the Naga Wanderer began the quest for the Orb.
     0 | D:1      | Alipheese set off with: a +2 scale mail, a +0 spear, a +0 buckler, a bread ration {!e}
     0 | D:1      | Reached XP level 1. HP: 15/15 MP: 3/3
   144 | D:1      | Reached XP level 2. HP: 7/22 MP: 5/5
   949 | D:1      | Reached XP level 3. HP: 19/28 MP: 6/6
   961 | D:1      | Reached skill level 3 in Armour
  1347 | D:2      | Noticed Ijyb
  1385 | D:2      | Killed Ijyb
  1385 | D:2      | Reached XP level 4. HP: 25/36 MP: 7/7
  1411 | D:2      | Slain by a worm

Table legend:
 A = Turns spent in this place as a percentage of turns spent in the entire game.
 B = Non-inter-level travel turns spent in this place as a percentage of non-inter-level travel turns spent in the entire game.
 C = Inter-level travel turns spent in this place as a percentage of turns spent in this place.
 D = Turns resting spent in this place as a percentage of non-inter-level travel turns spent in this place.
 E = Turns spent auto-exploring this place as a percentage of non-inter-level travel turns spent in this place.
 F = Non-inter-level travel turns spent in this place divided by the number of levels of this place that you've seen.
                   A       B       C       D       E      F
               +-------+-------+-------+-------+-------+----------------------
         Total | 100.0 | 100.0 |   0.2 |   1.4 |   8.3 | 211.0
       Dungeon | 100.0 | 100.0 |   0.2 |   1.4 |   8.3 | 211.0
               +-------+-------+-------+-------+-------+----------------------

Table legend:
 A = Kills in this place as a percentage of kills in entire the game.
 B = Kills by you in this place as a percentage of kills by you in the entire game.
 C = Kills by friends in this place as a percentage of kills by friends in the entire game.
 D = Other kills in this place as a percentage of other kills in the entire game.
 E = Experience gained in this place as a percentage of experience gained in the entire game.
 F = Experience gained in this place divided by the number of levels of this place that you have seen.
                   A       B       C       D       E      F
               +-------+-------+-------+-------+-------+----------------------
         Total | 100.0 | 100.0 |  -nan |  -nan | 100.0 |  47.0
       Dungeon | 100.0 | 100.0 |  -nan |  -nan | 100.0 |  47.0
               +-------+-------+-------+-------+-------+----------------------

Vanquished Creatures
  Ijyb (D:2)
  An ooze (D:1)
  A worm (D:2)
  A giant gecko (D:1)
  A bat (D:1)
  3 giant cockroaches (D:1)
  6 hobgoblins
  2 jackals (D:1)
  8 kobolds
  A ball python (D:1)
  2 giant newts (D:1)
  2 goblins (D:1)
29 creatures vanquished.
